[ AOE2 MATCH · #507126026 ]
UnrankedAztecs vs Goths
Player's team · LOSS
Rival team · WIN
[ REPLAY ANALYSIS · EXTRACTED FROM THE RECORDED GAME ]
Feudal
8:58
Castle
22:20
Imperial
—
| APM avg | 38.2 |
| APM peak | 73 |
| eAPM avg | 17.2 |
| Villagers / military | 59 / 91 |
Focus
⚔️ 36.5% · 🌾 63.5%
Eagle Scout ×34 · Spearman ×19 · Militia ×16 · Archer ×10 · Battering Ram ×4 · Monk ×3
Feudal
9:50
Castle
23:06
Imperial
—
| APM avg | 74.1 |
| APM peak | 118 |
| eAPM avg | 30.5 |
| Villagers / military | 103 / 120 |
Focus
⚔️ 29.8% · 🌾 70.2%
Militia ×83 · Knight ×26 · Skirmisher ×10 · Scout Cavalry ×1
Match map
Initial resources + every placement click. Lines = walls · curves = elevation contours. ◆ gold · ⬟ stone · ● berries · ✦ relic · ◌ wall gap
Your base· Open — opponent sealed themselves in
DJ Pesto's base· ✓ Closed at 23:06 · 61t walls · no gate
Smoothed initial terrain · ◌ = detected wall gap · hover for details
Inputs per minute
— SaleMajstor - - DJ Pesto
Build order — SaleMajstor
First 150 of 233 actions detected
| 0:01 | Queue | Villager (Male) |
| 0:01 | Queue | Villager (Male) |
| 0:01 | Queue | Villager (Male) |
| 0:01 | Queue | Villager (Male) |
| 0:03 | Build | House |
| 0:04 | Build | House |
| 1:32 | Queue | Villager (Male) |
| 1:53 | Queue | Villager (Male) |
| 2:11 | Build | Lumber Camp |
| 2:30 | Queue | Villager (Male) |
| 2:35 | Build | House |
| 2:51 | Queue | Villager (Male) |
| 3:15 | Queue | Villager (Male) |
| 3:30 | Queue | Villager (Male) |
| 3:55 | Queue | Villager (Male) |
| 4:19 | Queue | Villager (Male) |
| 4:47 | Build | Mining Camp |
| 4:50 | Queue | Villager (Male) |
| 5:12 | Queue | Villager (Male) |
| 5:43 | Research | Loom |
| 5:58 | Build | House |
| 6:16 | Queue | Villager (Male) |
| 6:37 | Queue | Villager (Male) |
| 6:48 | Research | Feudal Age |
| 7:25 | Build | Palisade Wall |
| 7:28 | Queue | Villager (Male) |
| 8:25 | Queue | Villager (Male) |
| 8:31 | Build | Barracks |
| 8:58 | Age | Feudal Age |
| 9:28 | Build | Archery Range |
| 9:33 | Build | House |
| 9:58 | Queue | Villager (Male) |
| 9:58 | Queue | Villager (Male) |
| 10:07 | Build | Mill |
| 10:18 | Queue | Archer |
| 10:18 | Queue | Archer |
| 10:34 | Build | Mill |
| 10:38 | Queue | Archer |
| 10:41 | Queue | Villager (Male) |
| 11:09 | Build | Palisade Wall |
| 12:07 | Queue | Villager (Male) |
| 12:07 | Queue | Villager (Male) |
| 12:15 | Research | Double-Bit Axe |
| 12:18 | Queue | Archer |
| 12:19 | Queue | Archer |
| 12:31 | Queue | Eagle Scout |
| 12:31 | Queue | Eagle Scout |
| 12:34 | Queue | Villager (Male) |
| 12:38 | Build | Farm |
| 12:48 | Research | Horse Collar |
| 13:04 | Build | House |
| 13:18 | Build | Blacksmith |
| 13:25 | Queue | Villager (Male) |
| 13:30 | Queue | Eagle Scout |
| 13:59 | Research | Fletching |
| 14:01 | Build | House |
| 14:11 | Queue | Villager (Male) |
| 14:39 | Queue | Villager (Male) |
| 14:42 | Build | Farm |
| 14:44 | Build | Farm |
| 14:53 | Build | Farm |
| 14:55 | Build | Farm |
| 15:22 | Queue | Archer |
| 15:43 | Queue | Villager (Male) |
| 15:55 | Queue | Villager (Male) |
| 16:09 | Queue | Archer |
| 16:09 | Queue | Archer |
| 16:13 | Build | Farm |
| 16:14 | Build | Farm |
| 16:16 | Build | Farm |
| 16:17 | Build | Farm |
| 16:35 | Queue | Villager (Male) |
| 17:19 | Queue | Villager (Male) |
| 17:27 | Queue | Villager (Male) |
| 18:31 | Queue | Villager (Male) |
| 18:37 | Build | Market |
| 18:41 | Queue | Villager (Male) |
| 19:40 | Research | Castle Age |
| 20:16 | Queue | Eagle Scout |
| 20:17 | Queue | Eagle Scout |
| 20:27 | Queue | Villager (Male) |
| 20:41 | Queue | Villager (Male) |
| 20:52 | Build | House |
| 20:56 | Build | House |
| 20:58 | Build | House |
| 21:02 | Queue | Villager (Male) |
| 21:05 | Queue | Archer |
| 21:40 | Build | Barracks |
| 21:42 | Queue | Eagle Scout |
| 21:46 | Queue | Archer |
| 21:55 | Research | Scale Mail Armor |
| 22:18 | Research | Forging |
| 22:20 | Age | Castle Age |
| 22:27 | Research | Eagle Warrior (upgrade) |
| 23:14 | Build | Farm |
| 23:17 | Build | Farm |
| 23:18 | Queue | Eagle Scout |
| 23:18 | Queue | Eagle Scout |
| 23:19 | Queue | Eagle Scout |
| 23:19 | Queue | Eagle Scout |
| 23:31 | Queue | Villager (Male) |
| 23:35 | Build | Farm |
| 23:45 | Queue | Eagle Scout |
| 23:46 | Queue | Eagle Scout |
| 23:54 | Queue | Eagle Scout |
| 23:54 | Queue | Eagle Scout |
| 23:56 | Queue | Villager (Male) |
| 24:00 | Build | Farm |
| 24:09 | Build | Lumber Camp |
| 24:26 | Queue | Villager (Male) |
| 24:26 | Queue | Villager (Male) |
| 24:38 | Build | Siege Workshop |
| 24:48 | Research | Squires |
| 24:57 | Queue | Villager (Male) |
| 25:04 | Build | House |
| 25:07 | Build | House |
| 25:14 | Queue | Mangonel |
| 25:16 | Build | Monastery |
| 25:20 | Queue | Eagle Scout |
| 25:21 | Queue | Eagle Scout |
| 25:22 | Queue | Villager (Male) |
| 25:39 | Queue | Mangonel |
| 25:41 | Queue | Villager (Male) |
| 25:50 | Queue | Monk |
| 25:53 | Build | House |
| 26:07 | Queue | Eagle Scout |
| 26:07 | Queue | Eagle Scout |
| 26:19 | Queue | Villager (Male) |
| 26:19 | Queue | Villager (Male) |
| 26:40 | Build | House |
| 27:06 | Research | Chain Mail Armor |
| 27:27 | Queue | Eagle Scout |
| 27:27 | Queue | Eagle Scout |
| 27:27 | Queue | Eagle Scout |
| 27:28 | Queue | Eagle Scout |
| 28:22 | Research | Pikeman (upgrade) |
| 28:24 | Queue | Eagle Scout |
| 28:24 | Queue | Eagle Scout |
| 28:24 | Queue | Eagle Scout |
| 28:27 | Build | House |
| 28:29 | Queue | Villager (Male) |
| 28:30 | Queue | Villager (Male) |
| 28:33 | Build | Barracks |
| 28:34 | Build | Barracks |
| 28:42 | Build | Lumber Camp |
| 28:46 | Build | House |
| 28:54 | Queue | Monk |
| 29:06 | Queue | Spearman |
| 29:06 | Queue | Spearman |
| 29:06 | Queue | Spearman |
Build order — DJ Pesto
First 150 of 359 actions detected
| 0:00 | Queue | Villager (Male) |
| 0:00 | Queue | Villager (Male) |
| 0:02 | Build | House |
| 0:03 | Build | House |
| 0:04 | Queue | Villager (Male) |
| 0:04 | Queue | Villager (Male) |
| 1:09 | Research | Loom |
| 1:27 | Queue | Villager (Male) |
| 2:06 | Queue | Villager (Male) |
| 2:08 | Build | Lumber Camp |
| 2:12 | Build | House |
| 2:17 | Queue | Villager (Male) |
| 2:17 | Queue | Villager (Male) |
| 2:49 | Queue | Villager (Male) |
| 3:17 | Queue | Villager (Male) |
| 3:44 | Queue | Villager (Male) |
| 4:06 | Queue | Villager (Male) |
| 4:06 | Queue | Villager (Male) |
| 4:22 | Queue | Villager (Male) |
| 4:22 | Queue | Villager (Male) |
| 4:56 | Queue | Villager (Male) |
| 4:59 | Queue | Villager (Male) |
| 4:59 | Queue | Villager (Male) |
| 5:30 | Build | Barracks |
| 5:51 | Build | House |
| 5:54 | Queue | Villager (Male) |
| 6:45 | Queue | Villager (Male) |
| 7:01 | Build | Mining Camp |
| 7:40 | Research | Feudal Age |
| 8:06 | Queue | Militia |
| 8:23 | Queue | Militia |
| 8:44 | Build | Mill |
| 8:49 | Queue | Militia |
| 8:58 | Build | Palisade Wall |
| 9:11 | Queue | Villager (Male) |
| 9:50 | Age | Feudal Age |
| 9:57 | Queue | Villager (Male) |
| 9:59 | Build | Farm |
| 9:59 | Build | Farm |
| 10:00 | Build | Farm |
| 10:01 | Build | Farm |
| 10:17 | Build | House |
| 10:35 | Queue | Villager (Male) |
| 10:35 | Queue | Villager (Male) |
| 10:44 | Build | Palisade Wall |
| 10:48 | Build | Farm |
| 11:01 | Research | Man-at-Arms (upgrade) |
| 11:36 | Queue | Villager (Male) |
| 11:38 | Build | House |
| 11:43 | Build | Archery Range |
| 12:01 | Queue | Villager (Male) |
| 12:03 | Build | Farm |
| 12:05 | Build | Farm |
| 12:05 | Queue | Villager (Male) |
| 12:16 | Build | Palisade Wall |
| 12:18 | Build | Palisade Wall |
| 12:23 | Build | Palisade Wall |
| 12:27 | Build | Palisade Wall |
| 12:33 | Build | Palisade Wall |
| 12:38 | Queue | Skirmisher |
| 12:49 | Queue | Skirmisher |
| 12:51 | Queue | Villager (Male) |
| 13:02 | Queue | Skirmisher |
| 13:09 | Queue | Villager (Male) |
| 13:18 | Build | Palisade Wall |
| 13:27 | Queue | Skirmisher |
| 13:36 | Queue | Villager (Male) |
| 13:41 | Build | House |
| 13:51 | Queue | Villager (Male) |
| 13:58 | Build | Blacksmith |
| 14:03 | Build | Palisade Wall |
| 14:12 | Build | House |
| 14:16 | Queue | Villager (Male) |
| 14:52 | Queue | Villager (Male) |
| 14:55 | Research | Fletching |
| 14:59 | Queue | Skirmisher |
| 14:59 | Queue | Skirmisher |
| 15:02 | Queue | Militia |
| 15:07 | Build | Market |
| 15:18 | Queue | Villager (Male) |
| 15:19 | Build | Farm |
| 15:30 | Build | House |
| 15:34 | Queue | Villager (Male) |
| 15:41 | Build | Farm |
| 15:57 | Queue | Militia |
| 16:03 | Queue | Villager (Male) |
| 16:06 | Build | Farm |
| 16:07 | Build | Farm |
| 16:17 | Build | Farm |
| 16:40 | Queue | Villager (Male) |
| 16:43 | Build | House |
| 16:55 | Build | House |
| 16:57 | Queue | Villager (Male) |
| 17:10 | Build | Farm |
| 17:11 | Build | Farm |
| 17:28 | Queue | Villager (Male) |
| 17:30 | Queue | Skirmisher |
| 17:32 | Queue | Skirmisher |
| 17:59 | Queue | Militia |
| 18:01 | Queue | Villager (Male) |
| 18:03 | Build | House |
| 18:30 | Queue | Militia |
| 18:32 | Queue | Villager (Male) |
| 18:33 | Queue | Skirmisher |
| 18:33 | Queue | Skirmisher |
| 18:34 | Queue | Villager (Male) |
| 18:40 | Build | Farm |
| 18:41 | Build | Farm |
| 18:42 | Build | Farm |
| 19:22 | Queue | Militia |
| 19:22 | Queue | Villager (Male) |
| 19:33 | Build | House |
| 19:40 | Queue | Villager (Male) |
| 20:26 | Research | Castle Age |
| 20:31 | Build | Lumber Camp |
| 21:12 | Research | Double-Bit Axe |
| 22:14 | Build | Stable |
| 22:16 | Build | Stable |
| 22:19 | Research | Scale Barding Armor |
| 22:33 | Research | Forging |
| 23:06 | Age | Castle Age |
| 23:09 | Queue | Knight |
| 23:09 | Queue | Knight |
| 23:12 | Research | Chain Barding Armor |
| 23:20 | Build | Town Center |
| 23:28 | Research | Bloodlines |
| 23:41 | Build | House |
| 23:42 | Build | House |
| 23:49 | Build | Town Center |
| 23:51 | Queue | Villager (Male) |
| 24:01 | Queue | Knight |
| 24:02 | Queue | Knight |
| 24:12 | Queue | Knight |
| 24:24 | Queue | Villager (Male) |
| 24:27 | Build | Farm |
| 24:29 | Build | Farm |
| 24:35 | Queue | Villager (Male) |
| 24:35 | Queue | Villager (Male) |
| 24:49 | Build | Farm |
| 24:51 | Queue | Villager (Male) |
| 24:51 | Queue | Villager (Male) |
| 24:59 | Queue | Villager (Male) |
| 25:02 | Build | Farm |
| 25:10 | Queue | Villager (Male) |
| 25:15 | Build | Farm |
| 25:18 | Queue | Knight |
| 25:24 | Build | Farm |
| 25:29 | Build | Farm |
| 25:29 | Queue | Villager (Male) |
| 25:47 | Queue | Scout Cavalry |
Match timeline
| 5:30 | DJ Pesto · first_building Barracks |
| 7:25 | SaleMajstor · wall_segment Palisade Wall x7 |
| 8:31 | SaleMajstor · first_building Barracks |
| 8:58 | DJ Pesto · wall_segment Palisade Wall x20 |
| 8:58 | SaleMajstor · age_up feudal |
| 9:28 | SaleMajstor · first_building Archery Range |
| 9:50 | DJ Pesto · age_up feudal |
| 10:44 | DJ Pesto · wall_segment Palisade Wall x11 |
| 11:09 | SaleMajstor · wall_segment Palisade Wall x4 |
| 11:43 | DJ Pesto · first_building Archery Range |
| 12:16 | DJ Pesto · wall_segment Palisade Wall x4 |
| 12:18 | DJ Pesto · wall_segment Palisade Wall x7 |
| 12:23 | DJ Pesto · wall_segment Palisade Wall x4 |
| 12:27 | DJ Pesto · wall_segment Palisade Wall x6 |
| 12:33 | DJ Pesto · wall_segment Palisade Wall x11 |
| 13:18 | DJ Pesto · wall_segment Palisade Wall x1 |
| 14:03 | DJ Pesto · wall_segment Palisade Wall x1 |
| 19:17 | SaleMajstor · first_market_sell 500 wood |
| 19:19 | SaleMajstor · first_market_buy 100 food |
| 22:14 | DJ Pesto · first_building Stable |
| 22:20 | SaleMajstor · age_up castle |
| 23:06 | DJ Pesto · age_up castle |
| 24:38 | SaleMajstor · first_building Siege Workshop |
| 25:16 | SaleMajstor · first_building Monastery |
| 38:54 | SaleMajstor · resign |
[ AI ANALYSIS · 1 CREDIT ]
What really happened in this match?
Wolo.gg analyzes every decision: build order, eco, micro, common mistakes by bracket. Personalized analysis on WhatsApp or Discord in 30 seconds.
Civ guide
Aztecs
Perfil
SaleMajstor